 Dungeon Sprint DCSS version 0.27-a0-1184-ge86db4a01e (webtiles) character file.

Game seed: 1872203435960269670

68 mhtbhm the Digger (level 4, 0/24 HPs)
             Began as a Deep Elf Earth Elementalist on May 18, 2021.
             Was a Follower of Vehumet.
             Slain by a scorpion (8 damage)
             ... in the Dungeon (Sprint VII: "The Pits").
             The game lasted 00:01:05 (308 turns).

mhtbhm the Digger (Deep Elf Earth Elementalist)      Turns: 308, Time: 00:01:06

Health: 0/24       AC:  2    Str:  5    XL:     4   Next: 1%
Magic:  8/14       EV: 13    Int: 21    God:    Vehumet [*.....]
Gold:   0          SH:  0    Dex: 15    Spells: 10/15 levels left

rFire    . . .     SeeInvis .   l - +2 quarterstaff
rCold    . . .     Faith    .   (shield currently unavailable)
rNeg     . . .     Spirit   .   c - +0 robe
rPois    .         Reflect  .   (no helmet)
rElec    .         Harm     .   (no cloak)
rCorr    .         Rampage  .   (no gloves)
Will     .....     NoTele   +   (no boots)
Stlth    ++........             (no amulet)
HPRegen  0.08/turn              (no ring)
MPRegen  0.14/turn              (no ring)

@: no status effects
A: no striking features
a: Renounce Religion


You were in the Dungeon.
You worshipped Vehumet.
Vehumet was aware of your devotion.
You visited 1 branch

Inventory:

Hand Weapons
 l - a +2 quarterstaff (weapon)
Missiles
 b - 28 stones
Armour
 c - a +0 robe (worn)
Scrolls
 i - a scroll of blinking
 j - 5 scrolls of amnesia
 k - a scroll of summoning
Potions
 a - 2 potions of invisibility
 d - a potion of curing
 e - a potion of heal wounds
 f - a potion of haste
 g - 4 potions of magic
 h - 3 potions of berserk rage


   Skills:
 + Level 0.2 Fighting
 + Level 3.7 Dodging
 + Level 3.4 Stealth
 + Level 6.0 Spellcasting
 + Level 1.4 Transmutations
 + Level 7.1 Earth Magic


You had 10 spell levels left.
You knew the following spells:

 Your Spells              Type           Power      Damage    Failure   Level
a - Sandblast             Erth           72%        2d16      1%          1
b - Foxfire               Conj/Fire      24%        2x1d5     10%         1
c - Stone Arrow           Conj/Erth      42%        3d9       7%          3

Your spell library contained the following spells:

 Spells                   Type           Power      Damage    Failure   Level
 Passwall                 Tmut/Erth      20%        N/A       2%          2
 Lee's Rapid Deconstruct  Erth           18%        3d12*     14%         5
 Petrify                  Tmut/Erth      24%        N/A       17%         4


Dungeon Overview and Level Annotations

Branches:
Dungeon (1/1)

Altars:
Ashenzari
Cheibriados
Dithmenos
Elyvilon
Fedhas
Gozag
Hepliaklqana
Kikubaaqudgha
Makhleb
Nemelex Xobeh
Okawaru
Qazlal
Ru
Sif Muna
Trog
Uskayaw
Vehumet
Wu Jian
Xom
Yredelemnul
Zin
The Shining One
Beogh
Jiyva
Lugonu


Message History

Nothing appears to happen.
Your foxfire dissipates!
The foxfire hits the scorpion but does no damage.
The scorpion is moderately wounded.
A scorpion comes into view.
Unknown command.
Unknown command.
The foxfire hits the scorpion but does no damage.
The scorpion is moderately wounded.
There is an open door here.
Your magical contamination has completely faded away.
Casting: Foxfire (safe; 10% risk of failure)
Confirm with . or Enter, or press ? or * to list all spells.
Aiming: Sandblast (safe; 1% risk of failure)
Press: ? - help, Shift-Dir - straight line, f - scorpion
Aim: a scorpion (lightly wounded, 82% to hit)
The blast of sand hits the scorpion!
The scorpion is heavily wounded.
The scorpion stings you!
Unknown command.
Unknown command.
Casting: Sandblast (safe; 1% risk of failure)
Confirm with . or Enter, or press ? or * to list all spells.
Aiming: Sandblast (safe; 1% risk of failure)
Press: ? - help, Shift-Dir - straight line, f/p - scorpion
Aim: a scorpion (heavily wounded, 82% to hit)
The blast of sand misses the scorpion.
The blast of sand hits the scorpion!
The scorpion is severely wounded.
The scorpion stings you.
Unknown command.
Unknown command.
Casting: Sandblast (safe; 1% risk of failure)
Confirm with . or Enter, or press ? or * to list all spells.
Aiming: Sandblast (safe; 1% risk of failure)
Press: ? - help, Shift-Dir - straight line, f/p - scorpion
Aim: a scorpion (heavily wounded, 82% to hit)
The blast of sand hits the scorpion!
The scorpion is almost dead.
The scorpion stings you. The scorpion stings you!
You die...

#_________.#
#_______...###########++
##########'##...........
#.?..')))'.##......#..#.
##########.##...........
#...........'...........
#+#####'#####......#..#.
#. #.).'.##...........
#..#...#@#####'#####++
#..#####s##.......#
#..'...#s##.......#
#..'.s.'.##.......#
#..########...<...# #.
#.......# # #.......#
#.......# #########


You could see 2 scorpions.

Vanquished Creatures
  A scorpion (D)
  An ufetubus (D)
  An adder zombie (D)
  An orc (D)
  A ball python (D)
5 creatures vanquished.

Vanquished Creatures (others)
  5 foxfires (D)
5 creatures vanquished.

Grand Total: 10 creatures vanquished

Notes
Turn   | Place    | Note
-------+----------+-------------------------------------------
     0 | D        | mhtbhm the Deep Elf Earth Elementalist began the quest for
                  | the Orb.
     0 | D        | Reached XP level 1. HP: 10/10 MP: 6/6
    13 | D        | Reached skill level 4 in Earth Magic
    45 | D        | Found a bloodstained altar of Trog.
    45 | D        | Found a shimmering blue altar of Sif Muna.
    45 | D        | Found a viscous altar of Jiyva.
    45 | D        | Found a hazy altar of Hepliaklqana.
    45 | D        | Found an opulent altar of Gozag.
    46 | D        | Found a glowing golden altar of the Shining One.
    46 | D        | Found a glowing silver altar of Zin.
    46 | D        | Found a basalt altar of Yredelemnul.
    46 | D        | Found a shimmering altar of Xom.
    46 | D        | Found an ornate altar of the Wu Jian Council.
    46 | D        | Found a sacrificial altar of Ru.
    46 | D        | Found a stormy altar of Qazlal.
    46 | D        | Found an iron altar of Okawaru.
    46 | D        | Found a sparkling altar of Nemelex Xobeh.
    46 | D        | Found a burning altar of Makhleb.
    46 | D        | Found a blossoming altar of Fedhas.
    46 | D        | Found a white marble altar of Elyvilon.
    46 | D        | Found a shadowy altar of Dithmenos.
    46 | D        | Found a snail-covered altar of Cheibriados.
    48 | D        | Found a radiant altar of Vehumet.
    48 | D        | Found a corrupted altar of Lugonu.
    49 | D        | Found a hide-covered altar of Uskayaw.
    49 | D        | Found an ancient bone altar of Kikubaaqudgha.
    49 | D        | Found a broken altar of Ashenzari.
    56 | D        | Became a worshipper of Vehumet
    74 | D        | Reached XP level 2. HP: 15/15 MP: 6/9
    75 | D        | Reached skill level 5 in Earth Magic
   213 | D        | Noticed a scorpion
   214 | D        | Reached * piety under Vehumet
   214 | D        | Offered knowledge of Foxfire by Vehumet.
   218 | D        | Learned a level 1 spell: Foxfire
   222 | D        | Killed a scorpion
   223 | D        | Reached skill level 7 in Earth Magic
   223 | D        | Reached XP level 3. HP: 14/19 MP: 5/12
   223 | D        | Reached XP level 4. HP: 18/24 MP: 5/14
   291 | D        | Learned a level 3 spell: Stone Arrow
   295 | D        | Noticed a scorpion
   299 | D        | Noticed a scorpion
   308 | D        | Slain by a scorpion

Illustrated notes

Levels and vault maps discovered:
D:        pitsprint [storerooms_1, entrance_room_1, metal_vault_3, armoury_2,
          mini_pit_1, grid_room_1, main_hall_1, silver_pit, the_coven_3,
          the_vestibule_1, steel_vault_1, golden_pit, hallway_of_sentries,
          crystal_vault_5, iron_vault_2, final_vault]

Skill      XL: |  1  2 |
---------------+-------+-----
Earth Magic    | 4 7 |  7.1
Spellcasting   | 4 6 |  6.0
Dodging        | 3 |  3.7
Stealth        | 3 |  3.4
Fighting       | |  0.2
Transmutations | |  1.4

Action                   |  1- 3 |  4- 6 || total
-------------------------+-------+-------++-------
 Cast: Sandblast         |     9 |     3 ||    12
       Foxfire           |       |     3 ||     3

Table legend: (Time is in decaauts)
 A = Elapsed time spent in this place.
 B = Non-inter-level travel time spent in this place.
 C = Inter-level travel time spent in this place.
 D = Time resting spent in this place.
 E = Time spent auto-exploring this place.
 F = Levels seen in this place.
 G = Mean time per level.
                   A        B        C        D        E       F      G
               +--------+--------+--------+--------+--------+-----+--------+
         Total |    307 |    307 |      0 |    192 |      0 |   1 |  307.0 |
       Dungeon |    307 |    307 |      0 |    192 |      0 |   1 |  307.0 |
               +--------+--------+--------+--------+--------+-----+--------+

Top non-repeatable levels by time:
       D: 307 daAuts
